AoeStats
← alix

Arabia

507747757Analyzed
1v1 RM · 13d ago on Sep 19, 2026· 55m 50s· 2 players
Game mode
Random Map
Map size
Tiny (2 player)
Population
200
Speed
Normal
Resources
Standard
Victory
Conquest
Starting age
Dark Age
Ending age
Imperial Age
RankedLock teamsTeams togetherTeam positionsShared explorationLock speedFull tech treeHidden civsTurbo modeCheats
Victory
Defeat
🇩🇪 Bulgarians · Germany
1836
+12
🇹🇼 Mongols · Taiwan
1737
-12
凱文
5:44 Loom
5:48 Loom
8:52 Feudal Age
9:23 Double-Bit Axe
9:18 Horse Collar
14:10 Forging
20:58 Wheelbarrow
24:25 Castle Age
22:44 Gold Mining
22:45 Stone Mining
25:22 Bloodlines
25:34 Bow Saw
25:25 Heavy Plow
26:23 Fletching
26:35 Husbandry
27:55 Bodkin Arrow
30:57 Ballistics
31:02 Padded Archer Armor
32:06 Leather Archer Armor
32:08 Town Watch
34:49 Thumb Ring
38:55 Hand Cart
42:39 Imperial Age
41:30 Herbal Medicine
41:23 Elite Skirmisher
43:52 Gold Shaft Mining
43:49 Conscription
43:34 Bracer
46:46 Parthian Tactics
48:13 Chemistry
49:17 Elite Mangudai
alix
5:34 Loom
8:28 Feudal Age
9:10 Double-Bit Axe
9:07 Horse Collar
15:36 Forging
22:20 Castle Age
20:50 Gold Mining
21:48 Fletching
22:08 Bloodlines
22:01 Padded Archer Armor
22:59 Bodkin Arrow
26:04 Ballistics
26:54 Wheelbarrow
27:08 Thumb Ring
28:22 Leather Archer Armor
29:42 Heavy Plow
29:57 Bow Saw
30:31 Town Watch
31:58 Stone Mining
32:32 Hand Cart
35:04 Husbandry
41:23 Imperial Age
39:37 Light Cavalry
40:23 Scale Barding Armor
40:54 Iron Casting
41:14 Stone Shaft Mining
41:17 Gold Shaft Mining
40:47 Heavy Plow
42:06 Chain Barding Armor
42:07 Bracer
43:09 Chemistry
42:05 Heavy Cavalry Archer
43:36 Conscription
43:39 Chain Barding Armor
44:19 Blast Furnace
43:36 Hussar
44:52 Plate Barding Armor
44:47 Stirrups
46:05 Masonry
50:22 Stone Shaft Mining
52:52 Murder Holes
53:28 Architecture
53:31 Crop Rotation
55:40 Siege Engineers
Connection lost

Rejoining the realm…

Still unreachable

The connection could not be restored.

Session expired

The server has moved on; the page needs a fresh start.